 Dungeon Crawl Stone Soup version 0.31-a0-188-g5e087ee2ca (webtiles) character file.

Game seed: 8602176761402281701

53 qw the Shooter (level 3, -7/20 HPs)
             Began as a Deep Elf Hunter on June 23, 2023.
             Mangled by Terence
             ... wielding a +2 trident of flaming
              (10 damage)
             ... on level 2 of the Dungeon.
             The game lasted 00:00:18 (1102 turns).

qw the Shooter (Deep Elf Hunter)                    Turns: 1102, Time: 00:00:18

Health: -7/20      AC:  3    Str: 10    XL:     3   Next: 62%
Magic:  5/5        EV: 12    Int: 13    God:
Gold:   44         SH:  0    Dex: 18    Spells: 2/2 levels left

rFire   . . .        Y - +0 shortbow
rCold   . . .        (shield currently unavailable)
rNeg    . . .        c - +0 leather armour
rPois   .            (no helmet)
rElec   .            (no cloak)
rCorr   .            (no gloves)
SInv    .            (no boots)
Will    .....        (no amulet)
Stlth   ++           (no ring)
HPRegen 0.23/turn    (no ring)
MPRegen 0.09/turn

%: no passive effects
@: no status effects
A: no striking features
a: no special abilities


You were on level 2 of the Dungeon.
You visited 1 branch of the dungeon, and saw 2 of its levels.

You collected 44 gold pieces.


   Skills:
 - Level 1.5 Fighting
 + Level 7.1 Ranged Weapons
 - Level 2.4 Dodging
 - Level 1.2 Stealth


You had 2 spell levels left.
You didn't know any spells.
Your spell library was empty.

Inventory:

Hand Weapons
 Y - a +0 shortbow (weapon)
Armour
 c - a +0 leather armour (worn)
Scrolls
 a - a scroll of identify
Potions
 b - a potion of heal wounds {unknown}
 e - a potion of degeneration {unknown}
 f - a potion of curing {unknown}
 g - 2 potions of cancellation {unknown}

Dungeon Overview and Level Annotations

Branches:
Dungeon (2/15)

Altars:

Annotations:
D:2 Terence


Message History

Terence shouts!
Terence is lightly wounded.
You hear an angry hiss.
You shoot an arrow.
The arrow hits Terence but does no damage.
Terence is lightly wounded.
You hear an angry hiss.
An adder comes into view.
Terence misses you.
You shoot an arrow.
The arrow hits Terence but does no damage.
Terence is lightly wounded.
A ball python comes into view.
Terence hits you from afar with a +2 trident of flaming!
Terence burns you.
You shoot an arrow. The ball python hisses angrily.
The arrow hits Terence.
Terence is moderately wounded.
Terence hits you from afar with a +2 trident of flaming.
Terence burns you.
You shoot an arrow. The arrow barely misses Terence.
Terence barely misses you.
You shoot an arrow.
The arrow hits Terence but does no damage.
Terence is moderately wounded.
Terence misses you. Terence hits you but does no damage.
You shoot an arrow. The arrow hits Terence.
Terence is heavily wounded.
Terence closely misses you.
You shoot an arrow.
The arrow hits Terence but does no damage.
Terence is heavily wounded.
Terence hits you but does no damage.
You shoot an arrow.
The arrow hits Terence but does no damage.
Terence is heavily wounded.
Terence hits you from afar with a +2 trident of flaming!
Ouch! That really hurt!
You die...

######## #.##.#.# #......#
#.####.## #.......#
######..#### #.........#
7S7##.........# 7@'@.........#
7S7####....###### #.##......#
#.##..###.# ###### #<#.....#
#....## ##......#
#.....########......#..
#######............#..........
#..................#<.........


You could see Terence, an adder and a ball python.

Vanquished Creatures
  Jessica (D:2)
  A dart slug (D:1)
  2 endoplasms
  3 giant cockroaches
  2 goblins
  2 hobgoblins (D:1)
  2 quokkas
  2 ball pythons (D:1)
  3 bats
  3 frilled lizards (D:1)
  3 kobolds
  A rat (D:1)
25 creatures vanquished.

Notes
Turn   | Place    | Note
-------+----------+-------------------------------------------
     0 | D:1      | qw the Deep Elf Hunter began the quest for the Orb.
     0 | D:1      | Reached XP level 1. HP: 12/12 MP: 3/3
     0 | D:1      | 0 ||| qw: Version: 0.3-a-9-g12657ce
     0 | D:1      | 0 ||| qw: Game counter: 3141
     0 | D:1      | 0 ||| qw: Always use a shield: true
     0 | D:1      | 0 ||| qw: God list: Okawaru
     0 | D:1      | 0 ||| qw: Allow faded altars: false
     0 | D:1      | 0 ||| qw: Do Orc after D:15 true
     0 | D:1      | 0 ||| qw: Do second Lair branch before Depths: true
     0 | D:1      | 0 ||| qw: Lair rune preference: random
     0 | D:1      | 0 ||| qw: Plans: Normal
     0 | D:1      | 0 ||| PLANNING D:1-11
   158 | D:1      | Reached XP level 2. HP: 16/16 MP: 4/4
   192 | D:1      | Reached skill level 6 in Ranged Weapons
   906 | D:1      | 906 ||| READING 2 scrolls labelled IQASYC LAGHIE.
   907 | D:1      | 907 ||| DROPPING scroll of butterflies.
   995 | D:2      | Found a faded altar of an unknown god.
  1020 | D:2      | Noticed Jessica
  1027 | D:2      | Killed Jessica
  1028 | D:2      | Reached skill level 7 in Ranged Weapons
  1028 | D:2      | Reached XP level 3. HP: 20/20 MP: 5/5
  1093 | D:2      | Noticed Terence
  1097 | D:2      | HP: 5/20 [Terence/+2 trident of flaming (6)]
  1097 | D:2      | HP: 2/20 [Terence/+2 trident of flaming (3)]
  1102 | D:2      | Mangled by Terence

Levels and vault maps discovered:
D:1:      dpeg_arrival_boxes_within_box, layout_basic, wad_floor_pattern_2
D:2:      layout_basic, basic_ecumenical_altar, kennysheep_generic_room_10,
          uniq_terence, uniq_jessica

Skill      XL: |  1  2 |
---------------+-------+-----
Ranged Weapons | 7 |  7.1
Fighting       | |  1.5
Dodging        | |  2.4
Stealth        | |  1.2

Action                     || total
---------------------------++-------
   Fire: Shortbow          ||    76
    Use: Scroll            ||     1
 Armour: Leather armour    ||     8
  Dodge: Dodged            ||    14

Table legend:
 A = Non-vault XP
 B = Vault XP
 C = Vault XP percentage of total XP
 D = Non-vault monster count
 E = Vault monster count
 F = Vault count percentage of total count
                 A         B        C        D         E       F
            +---------+---------+-------+---------+---------+-------
      Total |      39 |      37 |  48.7 |      24 |       1 |   4.0
            +---------+---------+-------+---------+---------+-------
        D:1 |      30 |       0 |   0.0 |      18 |       0 |   0.0
        D:2 |       9 |      37 |  80.4 |       6 |       1 |  14.3
            +---------+---------+-------+---------+---------+-------
